 Dungeon Crawl Stone Soup version 0.27-a0-1324-ge0d8e047f6 (webtiles) character file.

Game seed: 13783241104331190383

2 Wobber the Caller (level 1, 0/10 HPs)
             Began as a Tengu Summoner on June 23, 2021.
             Killed from afar by a dart slug (6 damage)
             ... with a slug dart
             ... on level 1 of the Dungeon.
             The game lasted 00:00:45 (113 turns).

Wobber the Caller (Tengu Summoner)                   Turns: 113, Time: 00:00:46

Health: 0/10       AC:  2    Str:  8    XL:     1   Next: 30%
Magic:  1/4        EV: 12    Int: 15    God:
Gold:   0          SH:  0    Dex: 14    Spells: 3/4 levels left

rFire    . . .     SeeInvis .   (no weapon)
rCold    . . .     Faith    .   (no shield)
rNeg     . . .     Spirit   .   a - +0 robe
rPois    .         Reflect  .   (helmet restricted)
rElec    .         Harm     .   (no cloak)
rCorr    .         Rampage  .   (no gloves)
Will     .....                  (boots unavailable)
Stlth    ++........             (no amulet)
HPRegen  0.03/turn              (no ring)
MPRegen  0.09/turn              (no ring)

@: no status effects
A: beak, talons 3
a: no special abilities


You were on level 1 of the Dungeon.
You visited 1 branch of the dungeon, and saw 1 of its levels.

Inventory:

Armour
 a - a +0 robe (worn)


   Skills:
 + Level 0.1 Fighting
 - Level 2.1 Dodging
 - Level 2.0 Stealth
 + Level 2.0 Spellcasting
 * Level 4.9 Summonings


You had 3 spell levels left.
You knew the following spells:

 Your Spells              Type           Power      Damage    Failure   Level
a - Summon Small Mammal   Summ           64%        N/A       3%          1

Your spell library contained the following spells:

 Spells                   Type           Power      Damage    Failure   Level
 Call Imp                 Summ           16%        N/A       4%          2
 Call Canine Familiar     Summ           16%        N/A       9%          3
 Summon Guardian Golem    Hex/Summ       8%         N/A       24%         3
 Summon Ice Beast         Ice/Summ       8%         N/A       63%         4
 Summon Lightning Spire   Summ/Air       8%         N/A       63%         4


Dungeon Overview and Level Annotations

Branches:
Dungeon (1/15)

Altars:


Innate Abilities, Weirdness & Mutations

You have a beak for a mouth.
You have claws for feet.


Message History

You swap places.
Your quokka disappears in a puff of smoke!
You swap places.
Your quokka disappears in a puff of smoke!
A bat comes into view.
Found a metallic amethyst potion.
Found a scroll labelled VODETTEZOBB.
Your bat hits the bat. The bat barely misses your bat.
You swap places.
Your bat barely misses the bat.
Your bat misses the bat. The bat hits your bat.
Your bat closely misses the bat.
The bat hits your bat but does no damage.
Your bat closely misses the bat.
The bat closely misses your bat.
Your bat hits the bat.
The bat dies!
You start resting.
Your rat disappears in a puff of smoke!
Your bat disappears in a puff of smoke!
Magic restored.
You swap places.
A rat comes into view.
Found 10 gold pieces.
Found a hunting sling and a pair of boots.
Your rat disappears in a puff of smoke!
A dart slug comes into view.
Your quokka bites the rat.
Your quokka barely misses the rat.
The rat barely misses your quokka.
Your quokka bites the rat.
The rat dies!
Found 12 stones.
The dart slug launches a dart at you. The slug dart hits you.
A kobold comes into view. It is wielding a +0 dagger.
You see here a metallic amethyst potion.
The dart slug launches a dart at you. The slug dart hits you.
The kobold shouts!
The dart slug launches a dart at you. The slug dart misses your quokka.
The slug dart hits you.
Ouch! That really hurt!
You die...

#..... #........$....
..##.######.............
..##.#..................
..##...####........)....
.....### #.............
.....# #.............
..#..# #.............
####.#######...!r...###
####...........r@...#
#........#......?.r..#
#..................w.#
#........##..........#
#........##...^.....(#
#>.......##..........#
.........###.K......##
..######## ##......##
..#


You could see a dart slug (ally target), a kobold and 3 friendly quokkas.

Vanquished Creatures (collateral kills)
  2 bats (D:1)
  A rat (D:1)
3 creatures vanquished.

Notes
Turn   | Place    | Note
-------+----------+-------------------------------------------
     0 | D:1      | Wobber the Tengu Summoner began the quest for the Orb.
     0 | D:1      | Reached XP level 1. HP: 10/10 MP: 4/4
   113 | D:1      | Killed from afar by a dart slug

Illustrated notes

Levels and vault maps discovered:
D:1:      dpeg_arrival_water_altar, layout_rooms, corexii_leaking_fountain,
          minmay_hexomino_u4

Action                   || total
-------------------------++-------
 Cast: Summon Small Mamm ||     9

Table legend: (Time is in decaauts)
 A = Elapsed time spent in this place.
 B = Non-inter-level travel time spent in this place.
 C = Inter-level travel time spent in this place.
 D = Time resting spent in this place.
 E = Time spent auto-exploring this place.
 F = Levels seen in this place.
 G = Mean time per level.
                   A        B        C        D        E       F      G
               +--------+--------+--------+--------+--------+-----+--------+
         Total |    113 |    113 |      0 |     53 |     33 |   1 |  113.0 |
       Dungeon |    113 |    113 |      0 |     53 |     33 |   1 |  113.0 |
               +--------+--------+--------+--------+--------+-----+--------+

Top non-repeatable levels by time:
     D:1: 113 daAuts
